 Dungeon Crawl Stone Soup version 0.21.1-1-g345015fe64 (webtiles) character file.

224 Hercules1031 the Chopper (level 6, 0/55 HPs)
             Began as a Hill Orc Fighter on June 21, 2018.
             Was a Follower of Trog.
             Slain by a kobold
             ... wielding a +0 short sword
              (6 damage)
             ... on level 3 of the Dungeon.
             The game lasted 00:11:29 (2592 turns).

Hercules1031 the Chopper (Hill Orc Fighter)         Turns: 2592, Time: 00:11:29

Health: 0/55       AC:  0    Str: 21    XL:     6   Next: 0%
Magic:  6/6        EV: 11    Int:  8    God:    Trog [*.....]
Gold:   206        SH:  0    Dex: 10    Spells: 5/5 levels left

rFire    . . .     SeeInvis .   (no weapon)
rCold    . . .     Gourm    .   (no shield)
rNeg     . . .     Faith    .   (no armour)
rPois    .         Spirit   .   (no helmet)
rElec    .         Reflect  .   (no cloak)
rCorr    .         Harm     .   (no gloves)
MR       .....                  (no boots)
Stlth    +.........             (no amulet)
HPRegen  0.18/turn              m - ring of flight
MPRegen  0.10/turn              (no ring)

@: no status effects
A: no striking features
a: Berserk, Burn Spellbooks, Renounce Religion, Evoke Flight


You were on level 3 of the Dungeon.
You worshipped Trog.
Trog was aware of your devotion.
You were not hungry.

You visited 1 branch of the dungeon, and saw 3 of its levels.

You collected 206 gold pieces.

Inventory:

Armour
 b - a +0 scale mail
 c - a +1 shield
Jewellery
 m - a ring of flight (left hand)
Wands
 g - a wand of flame (34)
 r - a wand of iceblast (8)
Scrolls
 e - a scroll of enchant weapon {unknown}
 j - 2 scrolls of identify
 k - a scroll of random uselessness {unknown}
 q - a scroll of enchant armour
 s - 2 scrolls of magic mapping {unknown}
Potions
 d - a potion of might
 h - a potion of flight
 i - a potion of agility {unknown}
 l - a potion of curing
 n - a potion of brilliance {unknown}
 o - a potion of lignification {unknown}
 p - a potion of heal wounds {unknown}
Comestibles
 f - 3 rations


   Skills:
 + Level 4.8 Fighting
   Level 5.4 Axes
 + Level 4.2 Armour
 + Level 4.2 Shields


You had 5 spell levels left.
You didn't know any spells.

Dungeon Overview and Level Annotations

Branches:
Dungeon (3/15)

Altars:
Trog


Message History

The kobold hits you with a short sword.
You finish taking off your +0 scale mail.
Unknown command.
You are now empty-handed.
You drop a +0 war axe.
The kobold hits you with a short sword.
You stop training Axes.
The kobold barely misses you.
You hit the kobold but do no damage. The kobold hits you with a short sword!
* * * LOW HITPOINT WARNING * * *
Unknown command.
The kobold hits you with a short sword.
* * * LOW HITPOINT WARNING * * *
The kobold closely misses you. The kobold hits you with a short sword.
* * * LOW HITPOINT WARNING * * *
The kobold hits you but does no damage. The kobold hits you with a short sword.
* * * LOW HITPOINT WARNING * * *
The kobold hits you but does no damage. The kobold hits you with a short sword.
You die...

##+###...........#
#.....###
.....#####...#####
####..# .....# #.......#
.# .....# #.......# #
.....# #.......#
.....######)÷#####
..........##.....#
..........#.(###.#######
..........'.## #@......#
......(...#.# #K.####.#
..........######..####.#
.....########...)....#.#
.....# #....##..##.#.#
.....# #...###..##.#.#
.....# #.#...........#
....(# #...#######.###
##†### ###.### ###..####


You could see a kobold.

Vanquished Creatures
  A centaur zombie (D:2)
  Ijyb (D:3)
  4 gnolls (D:2)
  4 adders
  2 worms (D:2)
  3 leopard geckos
  8 orcs (D:3)
  8 bats
  2 giant cockroaches (D:1)
  8 goblins
  9 hobgoblins
  4 jackals (D:3)
  A quokka (D:2)
  9 frilled lizards
  6 kobolds
  13 rats
83 creatures vanquished.

Notes
Turn   | Place    | Note
-------+----------+-------------------------------------------
     0 | D:1      | Hercules1031 the Hill Orc Fighter began the quest for the Orb.
     0 | D:1      | Reached XP level 1. HP: 19/19 MP: 1/1
    92 | D:1      | Reached skill level 3 in Axes
   122 | D:1      | Reached XP level 2. HP: 25/27 MP: 2/2
   477 | D:1      | Reached XP level 3. HP: 33/33 MP: 3/3
  1157 | D:2      | Reached skill level 4 in Axes
  1159 | D:2      | Found a bloodstained altar of Trog.
  1161 | D:2      | Reached XP level 4. HP: 6/40 MP: 4/4
  1561 | D:2      | Became a worshipper of Trog the Wrathful
  1816 | D:2      | Reached XP level 5. HP: 38/47 MP: 5/5
  2016 | D:3      | Noticed Ijyb
  2030 | D:3      | Killed Ijyb
  2030 | D:3      | Reached skill level 5 in Axes
  2259 | D:3      | Reached * piety under Trog
  2536 | D:3      | Reached XP level 6. HP: 24/55 MP: 6/6
  2592 | D:3      | Slain by a kobold

Skill      XL: |  1  2  3  4  5 |
---------------+----------------+-----
Axes           | 3 4 5 |  5.4
Fighting       | 4 |  4.8
Armour         | 4 |  4.2
Shields        | 4 |  4.2

Action                   |  1- 3 |  4- 6 || total
-------------------------+-------+-------++-------
Melee: War axe           |   146 |   168 ||   314
       Unarmed           |       |     1 ||     1
  Use: Scroll            |     6 |       ||     6
       Potion            |     3 |     3 ||     6
  Eat: Ration            |     2 |       ||     2
Armor: Scale mail        |    78 |   126 ||   204
Dodge: Dodged            |    65 |    69 ||   134
Block: Shield            |   106 |   155 ||   261
